 Dungeon Crawl Stone Soup version 0.27.1-33-g824d729ab1 (webtiles) character file.

Game seed: 8562139600993312403

549 sking99 the Insei (level 7, -6/50 HPs)
             Began as a Djinni Transmuter on Dec 7, 2021.
             Was a Believer of Fedhas.
             Killed from afar by Blork the orc (11 damage)
             ... with a magic dart
             ... on level 6 of the Dungeon.
             The game lasted 00:12:46 (7091 turns).

sking99 the Insei (Djinni Transmuter)               Turns: 7091, Time: 00:12:47

Health: -6/50      AC:  2    Str:  9    XL:     7   Next: 54%
Gold:   378        EV: 20    Int: 17    God:    Fedhas [**....] SH:  0 Dex: 18

rFire    . . .     SeeInvis .     - Unarmed
rCold    . . .     Faith    .   (shield currently unavailable)
rNeg     . . .     Spirit   .   (armour currently unavailable)
rPois    ∞         Reflect  .   (helmet currently unavailable)
rElec    .         Harm     .   (cloak currently unavailable)
rCorr    .         Rampage  .   (gloves currently unavailable)
Will     .....                  (boots unavailable)
Stlth    ++........             (no amulet)
HPRegen  0.16/turn              l - +4 ring of slaying
MPRegen  0.00/turn              (no ring)

@: spider-form, flying
A: venomous fangs, flying, sickness immunity, tiny, (fire resistance 2), (cold
vulnerability 1), float, innate caster, hp casting, extra vitality 1
a: End Transformation, Renounce Religion, Wall of Briars


You were on level 6 of the Dungeon.
You worshipped Fedhas.
Fedhas was pleased with you.
You were a venomous arachnid creature.
You visited 1 branch of the dungeon, and saw 6 of its levels.

You collected 378 gold pieces.

Inventory:

Armour
 a - a +1 robe (melded)
Jewellery
 l - a +4 ring of slaying (left front leg)
Wands
 b - a wand of mindburst (13)
 r - a wand of iceblast (9)
Scrolls
 e - a scroll of blinking
 f - 2 scrolls of fog
Potions
 m - 3 potions of curing
 n - a potion of ambrosia
 p - 2 potions of flight {unknown}


   Skills:
 + Level 3.3 Fighting
 - Level 2.8 Dodging
 * Level 5.6 Unarmed Combat
 + Level 2.9 Spellcasting
 + Level 2.5 Invocations


You couldn't memorise any spells.
You knew the following spells:

 Your Spells              Type           Power      Damage    Failure   Level
a - Spider Form           Tmut/Pois      6%         N/A       34%         3
b - Wereblood             Tmut           12%        N/A       21%         2
c - Gell's Gravitas       Tloc           6%         N/A       34%         3
d - Ice Form              Ice/Tmut       12%        N/A       67%         4
e - Foxfire               Conj/Fire      48%        2x1d6     16%         1
f - Beastly Appendage     Tmut           24%        N/A       16%         1
z - Corpse Rot            Necr/Air       N/A        N/A       21%         2
Your spell library was empty.

Dungeon Overview and Level Annotations

Branches:
Dungeon (6/15)             Temple (0/1) D:5

Altars:
Fedhas
Kikubaaqudgha
Zin

Shops:
D:4 (

Annotations:
D:3 Grinder
D:4 1 runed translucent door, dragonscale333's ghost, amateur DrCj
D:6 Blork the orc


Innate Abilities, Weirdness & Mutations

You are a venomous arachnid creature.
You have poisonous fangs.
You are tiny and dextrous.
You are flying.
Your spellcasting is less reliable in this form.
Your armour is entirely melded.
You are incapable of wielding weapons or throwing items.
You are immune to sickness and miasma.
You are immune to poison.
((Your flesh is very heat resistant. (rF++)))
((You are vulnerable to cold. (rC-)))
You float through the air rather than walking.
You learn spells naturally, not from books.
Your magical power is your life essence.
You have superior vitality. (+4 HP)


Message History

You now have 360 gold pieces (gained 8).
You now have 378 gold pieces (gained 18).
There is a stone staircase leading up here.
Blork the orc comes into view.
He is wielding a +0 mace.
Casting: Spider Form (dangerous; 16% risk of failure)
Confirm with . or Enter, or press ? or * to list all spells.
Aiming: Gell's Gravitas (dangerous; 16% risk of failure)
Press: ? - help, Dir - move target Gravity reorients around empty space.
Blork the orc casts a spell.
Blork the orc seems to speed up.
Casting: Gell's Gravitas (dangerous; 16% risk of failure)
Confirm with . or Enter, or press ? or * to list all spells.
You turn into a venomous arachnid creature.
Your +1 robe melds into your body.
Blork the orc points at you and mumbles some strange words.
The puff of frost hits you!
Blork the orc screams, "I'll cover the dungeon with your blood!"
You bite Blork the orc!
Blork the orc is moderately wounded.
Blork the orc hits you with a +0 mace!
You bite Blork the orc!
Blork the orc is heavily wounded.
Blork the orc points at you and mumbles some strange words.
The puff of flame hits you!
You hit Blork the orc.
Blork the orc is poisoned.
Blork the orc is severely wounded.
Blork the orc closely misses you.
Blork the orc gestures at you while chanting.
The magic dart hits you!
* * * LOW HITPOINT WARNING * * *
Blork the orc barely misses you. Blork the orc closely misses you.
Blork the orc gestures at you while chanting.
The puff of frost hits you!
* * * LOW HITPOINT WARNING * * *
Blork the orc points at you and mumbles some strange words.
The magic dart hits you!
You die...
Fedhas appreciates your contribution to the ecosystem.

#. #.#.....#........#.#
#.##.#.....#....#.#...#
#..........#....#.#.######.
#..............##..<.......
#...................#######
#...............o........#
#........................#
######.#...#...#.....###.#
#.#.......s.##.## .
#.#...#...........
#.........#.##....
###.#....##.# ####.#
#.........# # .......####
........# .........#
#####..>.


You could see Blork the orc (fast, poisoned).

Vanquished Creatures
  2 ogres
  A phantom (D:5)
  A scorpion (D:4)
  2 orc priests (D:4)
  An iguana (D:6)
  5 adders
  A shadow imp (D:4)
  A white imp (D:5)
  An ufetubus (D:5)
  An adder skeleton (D:4)
  2 worms (D:5)
  2 dart slugs
  8 orcs
  6 endoplasms
  13 giant cockroaches
  7 goblins
  8 hobgoblins
  4 quokkas
  3 ball pythons
  2 bats (D:1)
  A frilled lizard (D:3)
  6 kobolds
  5 rats
83 creatures vanquished.

Vanquished Creatures (others)
  A demonic plant (D:1)
  2 withered plants (D:4)
3 creatures vanquished.

Grand Total: 86 creatures vanquished

Notes
Turn   | Place    | Note
-------+----------+-------------------------------------------
     0 | D:1      | sking99 the Djinni Transmuter began the quest for the Orb.
     0 | D:1      | Reached XP level 1. HP: 17/17 MP: 0/0
   271 | D:1      | Reached XP level 2. HP: 21/22 MP: 0/0
   304 | D:1      | Found a faded altar of an unknown god.
   426 | D:1      | Became a worshipper of Fedhas Madash
   426 | D:1      | Reached * piety under Fedhas
   673 | D:1      | Reached XP level 3. HP: 27/27 MP: 0/0
   673 | D:1      | Learned a level 1 spell: Foxfire
  1852 | D:2      | Reached ** piety under Fedhas
  1858 | D:2      | Reached XP level 4. HP: 26/33 MP: 0/0
  2496 | D:3      | Reached skill level 4 in Unarmed Combat
  2585 | D:3      | Noticed Grinder
  2593 | D:3      | Paralysed by Grinder for 5 turns
  2766 | D:3      | Reached XP level 5. HP: 34/38 MP: 0/0
  2766 | D:3      | Learned a level 2 spell: Corpse Rot
  4193 | D:4      | Reached skill level 1 in Invocations
  4193 | D:4      | Reached XP level 6. HP: 28/45 MP: 0/0
  4365 | D:4      | Found Xojeyhoe's Weapon Shoppe.
  4365 | D:4      | Found a runed translucent door.
  4365 | D:4      | Noticed dragonscale333's ghost (amateur DrCj)
  5306 | D:5      | Entered Level 5 of the Dungeon
  5529 | D:5      | Reached skill level 5 in Unarmed Combat
  5800 | D:5      | Found a glowing silver altar of Zin.
  5907 | D:5      | Noticed an ogre
  5929 | D:5      | Killed an ogre
  5930 | D:5      | Reached XP level 7. HP: 12/50 MP: 0/0
  5930 | D:5      | Learned a level 3 spell: Gell's Gravitas
  6747 | D:5      | Found a staircase to the Ecumenical Temple.
  7077 | D:6      | Noticed Blork the orc
  7091 | D:6      | Killed from afar by Blork the orc

Illustrated notes

Levels and vault maps discovered:
D:1:      dpeg_arrival_three_smaller_balls, layout_basic,
          shapermc_ecumenical_altar_gd, chequers_serial_rivers_small_b
D:2:      minmay_roachtagon, layout_loops_ring
D:3:      layout_basic, uniq_grinder
D:4:      layout_basic, serial_shops, shop_coins, gammafunk_ghost_grave
D:5:      layout_gridville, mainiacjoe_overflow_concentric_impassable,
          zin_statuary, minmay_temple_entry_from_below_a
D:6:      layout_basic, mainiacjoe_overflow_24_doors, uniq_blork_the_orc,
          uniq_eustachio

Skill      XL: |  1  2  3  4  5  6 |
---------------+-------------------+-----
Spellcasting   | 2 |  2.9
Unarmed Combat | 4 5 |  5.6
Fighting       | 2 3 |  3.3
Invocations    | 1 2 |  2.5
Dodging        | |  2.8

Action                   |  1- 3 |  4- 6 |  7- 9 || total
-------------------------+-------+-------+-------++-------
Melee: Unarmed           |   124 |   140 |    28 ||   292
       Headbutt          |    10 |    10 |     1 ||    21
       Punch             |     2 |     1 |       ||     3
 Cast: Beastly Appendage |    10 |    17 |     1 ||    28
       Wereblood         |     1 |     2 |     3 ||     6
       Corpse Rot        |       |     2 |       ||     2
       Spider Form       |       |     2 |     4 ||     6
       Gell's Gravitas   |       |       |     1 ||     1
  Use: Scroll            |       |    13 |       ||    13
 Stab: Sleeping          |     1 |     2 |       ||     3
Armor: Robe              |    17 |    17 |       ||    34
       Skin              |       |     1 |     2 ||     3
Dodge: Dodged            |    55 |    41 |    14 ||   110
